 Dungeon Sprint DCSS version 0.22-a0-412-g2b68d144a4 (webtiles) character file.

996 Denreik the Peltast (level 8, -4/58 HPs)
             Began as a Formicid Fighter on May 12, 2018.
             Was a Priest of Makhleb.
             Slain by an eight-headed hydra (12 damage)
             ... in the Dungeon (Sprint IX: "|||||||||||||||||||||||||||||").
             The game lasted 00:07:27 (849 turns).

Denreik the Peltast (Formicid Fighter)               Turns: 849, Time: 00:07:28

Health: -4/58      AC: 15    Str: 24    XL:     8   Next: 42%
Magic:  8/8        EV:  8    Int:  7    God:    Makhleb [***...]
Gold:   0          SH: 15    Dex: 10    Spells: 7/7 levels left

rFire    . . .     SeeInvis +   s - +2 dire flail (crush)
rCold    . . .     Gourm    .   c - +0 shield
rNeg     . . .     Faith    .   v - +1 chain mail
rPois    .         Spirit   .   (helmet unavailable)
rElec    .         Reflect  .   u - +0 cloak
rCorr    .         Harm     .   (no gloves)
MR       .....                  (no boots)
Stlth    ..........             (no amulet)
HPRegen  0.19/turn              x - +2 ring of protection
MPRegen  0.11/turn              w - +2 ring of protection

@: no status effects
A: permanent stasis, dig shafts and tunnels, four strong arms, antennae 3
a: Dig, Minor Destruction, Lesser Servant of Makhleb, Renounce Religion


You were in the Dungeon.
You worshipped Makhleb.
Makhleb was most pleased with you.
You were not hungry.

You visited 1 branch

Inventory:

Hand Weapons
 a - a +0 lajatang
 b - a +2 halberd of protection
 m - the +2 scimitar of Ucetear {drain, rF+}
   (You found it in the Dungeon)

   A truly terrible weapon, it drains the life of those it strikes.
   It protects you from fire.
 s - a +2 dire flail of crushing (weapon)
Missiles
 t - 21 bolts (quivered)
Armour
 c - a +0 shield (worn)
 u - a +0 cloak (worn)
 v - a +1 chain mail (worn)
Magical Staves
 r - an uncursed staff of energy
Jewellery
 w - a +2 ring of protection (right hand)
 x - a +2 ring of protection (left hand)
Wands
 q - a wand of acid (10)
Scrolls
 k - 3 scrolls of blinking
 o - 5 scrolls of remove curse
 p - 3 scrolls of amnesia
 y - a scroll of fear
 z - 4 scrolls of enchant weapon
Potions
 d - a potion of might
 e - 7 potions of curing
 g - a potion of invisibility
 h - a potion of haste
 i - 4 potions of magic
 j - 2 potions of berserk rage
 l - a potion of mutation
 n - 4 potions of heal wounds
Comestibles
 f - a ration


   Skills:
 - Level 3.2 Fighting
 - Level 2.0 Staves
 * Level 3.2 Armour
 - Level 19.1 Shields


You had 7 spell levels left.
You didn't know any spells.
Your spell library was empty.

Dungeon Overview and Level Annotations

Branches:
Dungeon (1/1)

Altars:
Cheibriados
Dithmenos
Elyvilon
Fedhas
Gozag
Hepliaklqana
Kikubaaqudgha
Makhleb
Nemelex Xobeh
Okawaru
Qazlal
Ru
Sif Muna
Trog
Uskayaw
Vehumet
Wu Jian
Xom
Yredelemnul
Zin
The Shining One
Beogh
Jiyva
Lugonu


Innate Abilities, Weirdness & Mutations

You cannot be hasted, slowed, berserked, paralysed or teleported.
You can dig through walls and to a lower floor.
Your four strong arms can wield two-handed weapons with a shield.
You have a pair of large antennae on your head. (SInv)


Message History

The eight-headed hydra bites you.
You block the eight-headed hydra's attack.
The eight-headed hydra barely misses you.
The eight-headed hydra bites you but does no damage. x3
The eight-headed hydra bites you!
You block the eight-headed hydra's attack.
The wolf stops to sniff the ground.
You block the eight-headed hydra's attack.
The eight-headed hydra bites you but does no damage.
The eight-headed hydra closely misses you.
The eight-headed hydra bites you but does no damage. x2
The eight-headed hydra bites you! x2
* * * LOW HITPOINT WARNING * * *
The eight-headed hydra bites you.
* * * LOW HITPOINT WARNING * * *
A yak comes into view.
A demon appears!
The blink frog blinks!
You block the eight-headed hydra's attack.
The eight-headed hydra bites you!
You die... {{{{{{{{{{{{{ {{{{{{{{{ ▓▓▓▓▓▓▓▓▓▓▓▓▓▓▓▓▓▓▓▓▓▓▓▓ ...'...........3@DDthY§Y {{ {{{{{

▓▓▓▓▓▓▓▓▓▓▓▓▓▓▓▓▓▓▓▓▓▓▓▓▓▓▓▓▓▓▓▓▓
.................................
▓▓▓▓▓▓▓▓▓▓▓▓▓▓▓▓▓▓▓▓▓▓▓▓▓▓▓▓▓▓▓▓▓
+.....'÷....'____________________
▓▓▓▓▓▓▓▓▓▓▓▓▓▓▓▓▓▓▓▓▓▓▓▓▓▓▓▓▓▓▓▓▓


You could see an eight-headed hydra, a seven-headed hydra, 2 yaks, a crocodile,
a wolf and a friendly neqoxec.

Vanquished Creatures
  A cyclops (D)
  A vampire mosquito (D)
  A sky beast (D)
  A bullfrog (D)
  2 crimson imps (D)
  3 hounds (D)
  A jelly (D)
  2 orc wizards (D)
  3 iguanas (D)
  An adder (D)
  An orc (D)
  A giant cockroach (D)
  A goblin (D)
  A hobgoblin (D)
  2 bats (D)
22 creatures vanquished.

Notes
Turn   | Place    | Note
-------+----------+-------------------------------------------
     0 | D        | Denreik the Formicid Fighter began the quest for the Orb.
     0 | D        | Reached XP level 1. HP: 18/18 MP: 1/1
     5 | D        | Reached skill level 4 in Shields
     6 | D        | Reached skill level 5 in Shields
    15 | D        | Reached XP level 2. HP: 24/24 MP: 2/2
    27 | D        | Noticed a crimson imp
    35 | D        | Reached skill level 8 in Shields
    35 | D        | Reached XP level 3. HP: 11/29 MP: 3/3
    38 | D        | HP: 1/29 [acid (2)]
    41 | D        | Reached skill level 9 in Shields
    41 | D        | Reached XP level 4. HP: 35/35 MP: 4/4
    57 | D        | Reached skill level 10 in Shields
    61 | D        | Reached skill level 11 in Shields
    61 | D        | Reached XP level 5. HP: 20/41 MP: 5/5
   106 | D        | Reached skill level 12 in Shields
   227 | D        | Found a roughly hewn altar of Beogh.
   227 | D        | Found a snail-covered altar of Cheibriados.
   227 | D        | Found a shadowy altar of Dithmenos.
   227 | D        | Found a white marble altar of Elyvilon.
   227 | D        | Found a blossoming altar of Fedhas.
   227 | D        | Found an opulent altar of Gozag.
   228 | D        | Found a hazy altar of Hepliaklqana.
   229 | D        | Found a viscous altar of Jiyva.
   230 | D        | Found an ancient bone altar of Kikubaaqudgha.
   231 | D        | Found a corrupted altar of Lugonu.
   232 | D        | Found a burning altar of Makhleb.
   233 | D        | Found a sparkling altar of Nemelex Xobeh.
   234 | D        | Found an iron altar of Okawaru.
   235 | D        | Found a stormy altar of Qazlal.
   236 | D        | Found a sacrificial altar of Ru.
   237 | D        | Found a deep blue altar of Sif Muna.
   238 | D        | Found a bloodstained altar of Trog.
   239 | D        | Found a hide-covered altar of Uskayaw.
   240 | D        | Became a worshipper of Makhleb the Destroyer
   241 | D        | Found a radiant altar of Vehumet.
   242 | D        | Found an ornate altar of the Wu Jian Council.
   243 | D        | Found a shimmering altar of Xom.
   244 | D        | Found a basalt altar of Yredelemnul.
   245 | D        | Found a glowing silver altar of Zin.
   246 | D        | Found a glowing golden altar of the Shining One.
   294 | D        | Noticed a sky beast
   294 | D        | Noticed a bullfrog
   297 | D        | Reached skill level 13 in Shields
   321 | D        | Killed a sky beast
   321 | D        | Reached skill level 14 in Shields
   321 | D        | Reached XP level 6. HP: 31/47 MP: 6/6
   328 | D        | Reached * piety under Makhleb
   366 | D        | Reached skill level 15 in Shields
   372 | D        | Reached ** piety under Makhleb
   372 | D        | Reached XP level 7. HP: 35/52 MP: 7/7
   487 | D        | Got the +2 scimitar of Ucetear {drain, rF+}
   500 | D        | Noticed a cyclops
   500 | D        | Noticed a vampire mosquito
   507 | D        | Killed a cyclops
   507 | D        | Reached skill level 18 in Shields
   507 | D        | Reached XP level 8. HP: 31/58 MP: 8/8
   548 | D        | Reached *** piety under Makhleb
   565 | D        | Reached skill level 19 in Shields
   844 | D        | Noticed an eight-headed hydra
   844 | D        | Noticed a seven-headed hydra
   844 | D        | Noticed a yak
   844 | D        | Noticed a blink frog
   849 | D        | Noticed a yak
   849 | D        | Slain by an eight-headed hydra

Vault maps used:
D:        linesprint

Skill      XL: |  1  2  3  4  5  6  7  8 |
---------------+-------------------------+-----
Shields        | 5 8 9 11 14 15 18 19 | 19.1
Fighting       | |  3.2
Staves         | |  2.0
Armour         | |  3.2

Action                   |  1- 3 |  4- 6 |  7- 9 || total
-------------------------+-------+-------+-------++-------
Melee: Quarterstaff      |    24 |    42 |       ||    66
       Lajatang          |       |    77 |    64 ||   141
       Dire flail        |       |       |     1 ||     1
Invok: Lesser Servant of |       |       |     1 ||     1
  Use: Potion            |     1 |       |       ||     1
Armor: Scale mail        |     8 |    10 |       ||    18
       Chain mail        |       |    30 |    38 ||    68
Dodge: Dodged            |     6 |    21 |    25 ||    52
Block: Shield            |     9 |    92 |    71 ||   172

Table legend:
 A = Spawn XP
 B = Non-spawn XP
 C = Spawn XP percentage of total XP
 D = Spawn monster count
 E = Non-spawn monster count
 F = Spawn count percentage of total count
 G = Total turns spent on level
                    A         B        C        D         E        F      G
               +---------+---------+-------+---------+---------+-------+---------
         Total |       0 |    1424 |   0.0 |       0 |      22 |   0.0 |   849
               +---------+---------+-------+---------+---------+-------+---------
             D |       0 |    1424 |   0.0 |       0 |      22 |   0.0 |   849
               +---------+---------+-------+---------+---------+-------+---------
